 Dungeon Crawl Stone Soup version 0.27.0-1-g7a089689b8 (webtiles) character file.

Game seed: 3074859099199434696

9 GordonOverkill the Vexing (level 2, 0/21 HPs)
             Began as a Human Arcane Marksman on July 31, 2021.
             Slain by a ball python (1 damage)
             ... on level 1 of the Dungeon.
             The game lasted 00:02:27 (347 turns).

GordonOverkill the Vexing (Human Arcane Marksman)    Turns: 347, Time: 00:02:27

Health: 0/21       AC:  2    Str: 10    XL:     2   Next: 20%
Magic:  3/3        EV:  9    Int: 13    God:
Gold:   18         SH:  0    Dex: 13    Spells: 2/3 levels left

rFire    . . .     SeeInvis .   a - +0 hand crossbow
rCold    . . .     Faith    .   (no shield)
rNeg     . . .     Spirit   .   d - +0 robe
rPois    .         Reflect  .   (no helmet)
rElec    .         Harm     .   (no cloak)
rCorr    .         Rampage  .   (no gloves)
Will     .....                  (no boots)
Stlth    +.........             (no amulet)
HPRegen  0.07/turn              (no ring)
MPRegen  0.08/turn              (no ring)

@: constricted
A: no striking features
a: no special abilities


You were on level 1 of the Dungeon.
You visited 1 branch of the dungeon, and saw 1 of its levels.

You collected 18 gold pieces.

Inventory:

Hand Weapons
 a - a +0 hand crossbow (weapon)
 b - a +0 dagger
Missiles
 c - 2 bolts (quivered ammo)
 f - 27 stones
Armour
 d - a +0 robe (worn)
Scrolls
 e - a scroll of identify {unknown}


   Skills:
 + Level 1.4 Fighting
 + Level 2.2 Crossbows
 + Level 0.8 Throwing
 - Level 2.0 Dodging
 - Level 1.0 Spellcasting
 - Level 3.0 Hexes


You had 2 spell levels left.
You knew the following spells:

 Your Spells              Type           Power      Damage    Failure   Level
a - Corona                Hex            8%         N/A       9%          1

Your spell library contained the following spells:

 Spells                   Type           Power      Damage    Failure   Level
 Slow                     Hex            8%         N/A       12%         2
 Inner Flame              Hex/Fire       4%         N/A       41%         3
 Portal Projectile        Hex/Tloc       8%         N/A       41%         3
 Cause Fear               Hex            4%         N/A       63%         4


Dungeon Overview and Level Annotations

Branches:
Dungeon (1/15)

Altars:


Message History

The ball python bites you.
* * * LOW HITPOINT WARNING * * *
x2 The ball python constricts you.
The ball python bites you.
* * * LOW HITPOINT WARNING * * *
x2 The ball python constricts you.
Fire: 5 bolts
Press: ? - help, Q - select action, (/) - cycle Shift-Dir - straight line, f/p - ball python
Aim: a ball python (constricting you, 58% to hit)
You shoot a bolt.
The bolt closely misses the ball python.
The ball python bites you but does no damage.
* * * LOW HITPOINT WARNING * * *
The ball python constricts you.
The ball python bites you but does no damage.
The ball python constricts you.
Unknown command.
You escape the ball python's grasp.
You see here a stone.
The ball python bites you.
* * * LOW HITPOINT WARNING * * *
The ball python grabs you.
* * * LOW HITPOINT WARNING * * *
The ball python constricts you.
Unknown command.
Unknown command.
Fire: 4 bolts
Press: ? - help, Q - select action, (/) - cycle Shift-Dir - straight line, f/p - ball python
Aim: a ball python (constricting you, 58% to hit)
You shoot a bolt.
The bolt closely misses the ball python.
The ball python bites you.
* * * LOW HITPOINT WARNING * * *
The ball python constricts you.
Fire: 3 bolts
Press: ? - help, Q - select action, (/) - cycle Shift-Dir - straight line, f/p - ball python
Aim: a ball python (constricting you, 58% to hit)
You shoot a bolt.
The bolt completely misses the ball python.
The ball python bites you but does no damage.
You die...

....## ##... #####
#†# #>## ##>
#...###.# #
####.....##.### .#
#####.......
##.#######.##.###
#..#..........#
#.##.##.........#
####.#..##.........#
#.S@...###.........#
#$#.#### #.........#
..(..# #.........#
#..(### #.........#
#..(# ####.######
#...# #...# #..(#


You could see a ball python.

Vanquished Creatures
  2 endoplasms (D:1)
  A giant cockroach (D:1)
  2 hobgoblins (D:1)
  2 bats (D:1)
7 creatures vanquished.

Notes
Turn   | Place    | Note
-------+----------+-------------------------------------------
     0 | D:1      | GordonOverkill the Human Arcane Marksman began the quest
                  | for the Orb.
     0 | D:1      | Reached XP level 1. HP: 15/15 MP: 2/2
   225 | D:1      | Reached XP level 2. HP: 14/21 MP: 3/3
   346 | D:1      | HP: 1/21 [ball python (2)]
   347 | D:1      | Slain by a ball python

Illustrated notes

Levels and vault maps discovered:
D:1:      dpeg_arrival_leaves_temple_mockup, layout_rooms, serial_shops,
          nicolae_shop_stone, chequers_ecumenical_altar_island

Action                   || total
-------------------------++-------
Melee: Dagger            ||    16
 Fire: Hand crossbow     ||    27
Throw: Stone             ||     3
Armor: Robe              ||    14
Dodge: Dodged            ||    34
